 Dungeon Crawl Stone Soup version 0.31-a0-261-g072fdb8a1f (webtiles) character file.

Game seed: 14184985353632206310

24 qw the Shooter (level 3, -1/21 HPs)
             Began as a Gargoyle Hexslinger on July 13, 2023.
             Frozen to death by an endoplasm (4 damage)
             ... on level 1 of the Dungeon.
             The game lasted 00:00:12 (338 turns).

qw the Shooter (Gargoyle Hexslinger)                 Turns: 338, Time: 00:00:12

Health: -1/21      AC:  5    Str: 11    XL:     3   Next: 2%
Magic:  4/4        EV: 12    Int: 13    God:
Gold:   14         SH:  0    Dex: 14    Spells: 3/4 levels left

rFire   . . .        a - +1 sling
rCold   . . .        (no shield)
rNeg    + . .        c - +0 robe
rPois   inf          (no helmet)
rElec   +            (no cloak)
rCorr   .            (no gloves)
SInv    .            (no boots)
Will    .....        (no amulet)
Stlth   +            (no ring)
HPRegen 0.23/turn    (no ring)
MPRegen 0.09/turn

%: no passive effects
@: no status effects
A: sickness immunity, AC +3, negative energy resistance 1, electricity
resistance, torment resistance 1, petrification resistance
a: no special abilities


You were on level 1 of the Dungeon.
You visited 1 branch of the dungeon, and saw 1 of its levels.

You collected 14 gold pieces.


Innate Abilities, Weirdness & Mutations

You are immune to sickness and miasma.
Your stone body is resilient. (AC +3)
You are immune to poison.
You resist negative energy. (rN+)
You are resistant to electric shocks. (rElec)
You are resistant to unholy torment.
You are immune to petrification.


   Skills:
 - Level 2.0 Fighting
 + Level 3.0 Ranged Weapons
 - Level 1.5 Dodging
 - Level 1.0 Spellcasting
 - Level 2.6 Hexes


You had 3 spell levels left.
You knew the following spells:

 Your Spells              Type           Power      Damage    Failure   Level
a - Slow                  Hex            28%        N/A       10%         1

Your spell library contained the following spells:

 Spells                   Type           Power      Damage    Failure   Level
 Inner Flame              Hex/Fire       4%         N/A       43%         3
 Portal Projectile        Hex/Tloc       8%         N/A       43%         3
 Cause Fear               Hex            3%         N/A       67%         4

Inventory:

Hand Weapons
 a - a +1 sling (weapon)
Armour
 c - a +0 robe (worn)
 f - a +0 ring mail
Scrolls
 b - a scroll of poison
Potions
 d - a potion of heal wounds {unknown}
 e - a potion of mutation {unknown}
 g - a potion of lignification {unknown}

Dungeon Overview and Level Annotations

Branches:
Dungeon (1/15)

Altars:


Message History

The sling bullet hits the kobold but does no damage.
The kobold is moderately wounded.
The kobold misses you. x2
You shoot a sling bullet. The sling bullet hits the kobold.
You kill the kobold!
The kobold closely misses you.
Your Fighting skill increases to level 2!
You have reached level 3!
Your experience leads to an increase in your attributes!
Increase (S)trength, (I)ntelligence, or (D)exterity?
You feel agile. x2
You shoot a sling bullet.
The sling bullet closely misses the kobold.
The kobold hits you with a +0 dagger.
The endoplasm hits you but does no damage.
The frilled lizard misses you. The kobold hits you with a +0 dagger.
The frilled lizard misses you. The endoplasm barely misses you.
You shoot a sling bullet. The sling bullet hits the kobold.
You kill the kobold!
The endoplasm hits you. The frilled lizard barely misses you.
You shoot a sling bullet.
The sling bullet misses the frilled lizard.
The endoplasm hits you but does no damage.
The frilled lizard bites you.
You shoot a sling bullet.
The sling bullet closely misses the frilled lizard.
The endoplasm freezes you.
You are frozen.
The frilled lizard completely misses you.
The endoplasm misses you.
The frilled lizard bites you but does no damage.
You shoot a sling bullet.
The sling bullet misses the frilled lizard.
The endoplasm freezes you.
You are frozen.
The frilled lizard closely misses you.
You shoot a sling bullet.
The sling bullet closely misses the frilled lizard.
The endoplasm freezes you.
You are frozen.
You die...

....... .......
##....... #........
#........ #####
#..)..... ....#
#Jl...... ....#
######@)......
....#######...##.###.#..
.........##...##.#
....####.##....#.# %...#
#.......'.# ....#
#####...### #.#.#####
#...## #.#:....# ##...#
#.#####.# #...#


You could see an endoplasm and a frilled lizard.

Vanquished Creatures
  A dart slug (D:1)
  3 bats (D:1)
  3 endoplasms (D:1)
  2 giant cockroaches (D:1)
  2 goblins (D:1)
  4 kobolds (D:1)
  2 quokkas (D:1)
  A ball python (D:1)
18 creatures vanquished.

Notes
Turn   | Place    | Note
-------+----------+-------------------------------------------
     0 | D:1      | qw the Gargoyle Hexslinger began the quest for the Orb.
     0 | D:1      | Reached XP level 1. HP: 12/12 MP: 2/2
     0 | D:1      | 0 ||| qw: Version: 0.3-a-52-g30416fa
     0 | D:1      | 0 ||| qw: Game counter: 7014
     0 | D:1      | 0 ||| qw: Melee chars always use a shield: true
     0 | D:1      | 0 ||| qw: God list: Okawaru
     0 | D:1      | 0 ||| qw: Allow faded altars: false
     0 | D:1      | 0 ||| qw: Do Orc after clearing Dungeon:15 true
     0 | D:1      | 0 ||| qw: Do second Lair branch before Depths: true
     0 | D:1      | 0 ||| qw: Lair rune preference: random
     0 | D:1      | 0 ||| qw: Goals: Normal
     0 | D:1      | 0 ||| PLANNING D:1-11
   123 | D:1      | Reached XP level 2. HP: 16/16 MP: 3/3
   151 | D:1      | Reached skill level 3 in Ranged Weapons
   333 | D:1      | Reached XP level 3. HP: 13/21 MP: 4/4
   336 | D:1      | HP: 4/21 [frozen (5)]
   338 | D:1      | Frozen to death by an endoplasm

Levels and vault maps discovered:
D:1:      tarquinn_simple_flora_water_c, layout_basic, minmay_misc_feat_iff

Skill      XL: |  1  2 |
---------------+-------+-----
Ranged Weapons | 3 |  3.0
Fighting       | 2 |  2.0
Dodging        | |  1.5
Spellcasting   | |  1.0
Hexes          | |  2.6

Action                     || total
---------------------------++-------
   Fire: Sling             ||    63
 Armour: Robe              ||    17
  Dodge: Dodged            ||    33

Table legend:
 A = Non-vault XP
 B = Vault XP
 C = Vault XP percentage of total XP
 D = Non-vault monster count
 E = Vault monster count
 F = Vault count percentage of total count
                 A         B        C        D         E       F
            +---------+---------+-------+---------+---------+-------
      Total |      35 |       0 |   0.0 |      18 |       0 |   0.0
            +---------+---------+-------+---------+---------+-------
        D:1 |      35 |       0 |   0.0 |      18 |       0 |   0.0
            +---------+---------+-------+---------+---------+-------
